 Dungeon Crawl Stone Soup version 0.29.0-4-gdea44cf6ec (webtiles) character file.

Game seed: 4149166746119853078

54999 qw the Cleaver (level 14, -7/72 HPs)
             Began as a Gargoyle Delver on Sept 10, 2022.
             Was a High Priest of Okawaru.
             Mangled by a white ugly thing (27 damage)
             ... on level 2 of the Abyss.
             The game lasted 00:08:59 (21019 turns).

qw the Cleaver (Gargoyle Delver)                   Turns: 21019, Time: 00:08:59

Health: -7/72      AC: 44    Str: 20    XL:     14   Next: 75%
Magic:  15/15      EV:  9    Int: 21    God:    Okawaru [*****.]
Gold:   965        SH: 18    Dex:  7    Spells: 13/13 levels left

rFire   . . .      SeeInvis +   Y - +8 war axe (freeze)
rCold   . . .      Faith    .   o - +0 kite shield
rNeg    + . .      Spirit   .   b - +9 storm dragon scales of Tavox {rElec rC- Str+2 Int+9}
rPois   inf        Reflect  +   e - +2 hat
rElec   +          Harm     .   k - +0 cloak
rCorr   .          Rampage  .   d - +1 pair of gloves
Will    +....                   a - +0 pair of boots
Stlth   +.........              p - amulet of reflection
HPRegen 0.22/turn               v - ring of see invisible
MPRegen 0.14/turn               m - ring of protection from cold

@: heroic, flying, unable to read, unable to drink
A: sickness immunity, AC +10, big wings, negative energy resistance 1,
electricity resistance, torment resistance 1, petrification resistance, [clumsy
2], [frail 2], [low MP 3], [screaming 2], ([teleportitis 1]), [weak 1], [no
potion heal 2], [subdued magic 1], [inability to read after injury 1]
a: Renounce Religion, Heroism, Finesse, Duel


You were on level 2 of the Abyss.
You worshipped Okawaru.
Okawaru was extremely pleased with you.
You visited 3 branches of the dungeon, and saw 20 of its levels.
You visited the Abyss 1 time.

You collected 1190 gold pieces.
You spent 225 gold pieces at shops.


Innate Abilities, Weirdness & Mutations

You are immune to sickness and miasma.
Your stone body is resilient. (AC +10)
You are immune to poison.
Your large and strong wings let you fly.
You resist negative energy. (rN+)
You are resistant to electric shocks. (rElec)
You are resistant to unholy torment.
You are immune to petrification.
[You are very clumsy. (Dex -4)]
[You are very frail. (-20% HP)]
[Your magical capacity is extremely low. (-30% MP)]
[You frequently scream uncontrollably at your foes.]
[((You are occasionally teleported next to monsters.))]
[You are weak. (Str -2)]
[Potions cannot restore your health.]
[Your spells are a little easier to cast, but a little less powerful.]
[You occasionally lose the ability to read scrolls when taking damage.]


   Skills:
 - Level 11.0(16.0) Fighting
 + Level 14.6(19.6) Axes
 - Level 4.1(9.1) Throwing
 - Level 10.0(15.0) Armour
 - Level 3.0(8.0) Dodging
 - Level 5.4(10.4) Stealth
 - Level 12.2(17.2) Shields
 - Level 10.0 Invocations


You had 13 spell levels left.
You didn't know any spells.
Your spell library was empty.

Inventory:

Hand Weapons
 r - a -2 eveningstar
 Y - a +8 war axe of freezing (weapon)
Missiles
 y - a javelin (quivered)
Armour
 a - a +0 pair of boots (worn)
 b - the +9 storm dragon scales of Tavox (worn) {rElec rC- Str+2 Int+9}
   (You acquired it on level 1 of the Dungeon)

   Str:       It affects your strength (+2).
   Int:       It affects your intelligence (+9).
   rC:        It makes you vulnerable to cold.
   rElec:     It insulates you from electricity.
 d - a +1 pair of gloves (worn)
 e - a +2 hat (worn)
 k - a +0 cloak (worn)
 o - a +0 kite shield (worn)
Jewellery
 j - a +6 ring of dexterity
 m - a ring of protection from cold (right hand)
 p - an amulet of reflection (around neck)
 t - the ring "Doyfypsin" {Fly MP+9 Str-2 Dex+4}
   (You found it on level 5 of the Lair of Beasts)

   [ring of magical power]

   Str:       It affects your strength (-2).
   Dex:       It affects your dexterity (+4).
   MP:        It affects your magic capacity (+9).
   Fly:       It grants you flight.
 v - a ring of see invisible (left hand)
 w - a ring of positive energy
 x - a ring of ice
Wands
 g - a wand of digging (6)
Scrolls
 c - 9 scrolls of identify
 h - 3 scrolls of teleportation
Potions
 f - 2 potions of haste
 i - 4 potions of curing
 l - 5 potions of mutation
 q - 2 potions of might
 u - a potion of resistance

Dungeon Overview and Level Annotations

Branches:
Dungeon (14/15)            Temple (1/1) D:6            Lair (5/5) D:11
  Swamp (0/4) Lair:2       Spider (0/4) Lair:2        Slime (0/5) Lair:4
    Orc (0/2) D:10
 Vaults: D:13-14

Altars:
Ashenzari
Cheibriados
Dithmenos
Elyvilon
Fedhas
Gozag
Hepliaklqana
Kikubaaqudgha
Makhleb
Nemelex Xobeh
Okawaru
Qazlal
Ru
Sif Muna
Trog
Uskayaw
Vehumet
Wu Jian
Xom
Yredelemnul
Zin
The Shining One
Jiyva

Shops:
D:9 *

Annotations:
D:11 1 runed translucent door, qw's ghost, journeyman MiBe
Lair:5 3 runed translucent doors, qw's ghost, journeyman MiBe; qw's ghost, journeyman TrCA


Message History

You kill the white ugly thing!
Okawaru accepts your kill. The purple very ugly thing claws you!
You feel the corruption within you wane somewhat.
You no longer become unable to drink potions after taking damage.
You feel clever.
You feel stable.
Your connection to magic feels less subdued.
You barely miss the purple very ugly thing.
The purple very ugly thing is almost dead.
You hit the starspawn tentacle but do no damage.
You hit the white ugly thing but do no damage.
You block the starspawn tentacle's attack.
The wretched star pulses with an eldritch light!
You feel the urge to shout.
You feel a strong urge to scream.
You block the white ugly thing's attack.
The purple very ugly thing barely misses you.
You slash the purple very ugly thing! You freeze the purple very ugly thing.
You kill the purple very ugly thing!
Okawaru accepts your kill.
You can now enter into single combat with a foe.
Okawaru will now gift you equipment as you gain piety.
You hit the white ugly thing. You freeze the white ugly thing.
You completely miss the tentacled starspawn.
You slash the starspawn tentacle! You freeze the starspawn tentacle.
You slash the starspawn tentacle! You freeze the starspawn tentacle.
You block the starspawn tentacle's attack.
The white ugly thing barely misses you.
You hit the starspawn tentacle. You freeze the starspawn tentacle.
You destroy the starspawn tentacle!
You closely miss the wretched star. You hit the white ugly thing.
You freeze the white ugly thing. You slash the tentacled starspawn!
You freeze the tentacled starspawn. You hit the starspawn tentacle.
You freeze the starspawn tentacle.
The wretched star pulses with an eldritch light!
You feel less energetic.
Your system partially rejects the healing effects of potions.
Your system completely rejects the healing effects of potions.
You block the starspawn tentacle's attack.
The white ugly thing pecks you! The white ugly thing freezes you!!
You die...

# .# # # ..# . #.###
.. # . ... .. # #. .
. ##.###########.# .
...
.......3*%w.....#..
. . ## . ###@.|# ##.
... #
.....#..uX#|..... .
. #
....#####.V.#####...
. . .#..###
#...#...# ..# ##
....#\# #...... #
.... . #...D..
#.......#.. . ... #
..... #...#..###..#.
# # #. . . #...#.#.
...#. . #.## # ####
. . .


You could see a tentacled starspawn, a wretched star, a white ugly thing, a
ynoxinul and a starspawn tentacle.

Vanquished Creatures
  A lich (Abyss:2)
  Louise (D:14)
  4 very ugly things (Abyss:2)
  Nessos (Lair:3)
  A dire elephant (Lair:5)
  2 boulder beetles
  7 hydras
  A catoblepas (Lair:5)
  2 centaur warriors (D:13)
  4 two-headed ogres
  A deep troll shaman (Lair:5)
  5 death yaks (Lair:5)
  Sonja (Lair:3)
  2 bog bodies (Lair:2)
  Pikel (D:4)
  2 starcursed masses (Abyss:2)
  2 manticores
  3 ugly things
  A cyclops (D:11)
  A rust devil (Abyss:2)
  7 elephants
  4 black mambas
  5 cane toads
  An ice statue (Lair:5)
  2 unseen horrors
  A kobold demonologist (D:13)
  14 komodo dragons
  3 rime drakes
  An ice devil (Lair:5)
  5 trolls
  5 polar bears
  18 blink frogs
  Prince Ribbit (D:7)
  2 shadows (D:12)
  5 wyverns
  13 yaks
  3 fire bats (Abyss:2)
  Eustachio (D:5)
  6 basilisks
  3 steam dragons
  3 vampire mosquitoes (D:12)
  A warg (D:10)
  Edmund (D:4)
  2 acid dragons
  11 water moccasins
  2 black bears
  6 ice beasts (Lair:5)
  3 orc warriors
  7 centaurs
  16 wolves
  A phantom (D:5)
  3 kobold brigands
  8 bullfrogs
  A gnoll sergeant (D:9)
  A necrophage (D:5)
  8 scorpions
  16 wights
  3 electric eels (D:14)
  5 howler monkeys
  3 hounds
  4 jellies
  9 orc priests
  A gnoll bouda (D:7)
  Terence (D:2)
  6 iguanas
  14 orc wizards
  10 hell rats
  Robin (D:2)
  10 gnolls
  8 adders
  A shadow imp (D:6)
  2 white imps (Lair:5)
  An ufetubus (D:5)
  5 worms
  4 dart slugs
  53 orcs
  2 ball pythons (D:2)
  2 bats (D:1)
  4 endoplasms
  2 giant cockroaches
  14 goblins
  7 hobgoblins
  5 jackals
  21 kobolds
  6 quokkas
  2 frilled lizards
  5 rats
  A starspawn tentacle (Abyss:2)
445 creatures vanquished.

Vanquished Creatures (others)
  A bush (D:11)
  25 fungi
  35 plants
  2 starspawn tentacles (Abyss:2)
63 creatures vanquished.

Grand Total: 508 creatures vanquished

Notes
Turn   | Place    | Note
-------+----------+-------------------------------------------
     0 | D:5      | qw the Gargoyle Delver began the quest for the Orb.
     0 | D:5      | Reached XP level 1. HP: 14/14 MP: 1/1
     0 | D:5      | 0 ||| qw: Version: 0.1-a-116-g5d60599
     0 | D:5      | 0 ||| qw: Game counter: 8016
     0 | D:5      | 0 ||| qw: Always use a shield: true
     0 | D:5      | 0 ||| qw: God list: Okawaru
     0 | D:5      | 0 ||| qw: Allow faded altars: false
     0 | D:5      | 0 ||| qw: Do Orc after D:15 true
     0 | D:5      | 0 ||| qw: Do second Lair branch before Depths: true
     0 | D:5      | 0 ||| qw: Lair rune preference: random
     0 | D:5      | 0 ||| qw: Plans: Normal
     0 | D:5      | 0 ||| PLANNING D:1-11
     5 | D:5      | 5 ||| DROPPING scroll of fog.
     6 | D:5      | 6 ||| DROPPING scroll of magic mapping.
     7 | D:5      | 7 ||| DROPPING scroll of fear.
    63 | D:4      | Noticed a hound
    75 | D:4      | Killed a hound
    76 | D:4      | Reached skill level 3 in Axes
    76 | D:4      | Reached XP level 2. HP: 10/19 MP: 2/2
    76 | D:4      | Reached XP level 3. HP: 13/23 MP: 3/3
   244 | D:4      | 244 ||| READING scroll labelled WOWEOZX GEILOE.
   311 | D:3      | 311 ||| UPGRADING to +0 plate armour.
   314 | D:3      | 314 ||| Stepping ~*~*~tactically~*~*~ (stealth).
   315 | D:3      | 315 ||| Stepping ~*~*~tactically~*~*~ (stealth).
   316 | D:3      | 316 ||| UPGRADING to +0 plate armour.
   326 | D:3      | 326 ||| Stepping ~*~*~tactically~*~*~ (stealth).
   327 | D:3      | 327 ||| DROPPING +0 leather armour.
   496 | D:1      | Reached skill level 1 in Armour
   766 | D:1      | 766 ||| Stepping ~*~*~tactically~*~*~ (stealth).
  1109 | D:1      | 1109 ||| DROPPING +0 club.
  1110 | D:1      | 1110 ||| READING scroll labelled FOUROLLOLUTT.
  1111 | D:1      | 1111 ||| READING scroll labelled SYXUEFU XUCRA.
  1111 | D:1      | Identified a scroll of acquirement
  1111 | D:1      | 1111 ||| ACQUIRING +9 storm dragon scales of Tavox {rElec
                  | rC- Str+2 Int+9}
  1111 | D:1      | Acquired the +9 storm dragon scales of Tavox {rElec rC-
                  | Str+2 Int+9}
  1113 | D:1      | 1113 ||| UPGRADING to +9 storm dragon scales of Tavox
                  | {rElec rC- Str+2 Int+9}.
  1123 | D:1      | 1123 ||| DROPPING +0 plate armour.
  1143 | D:2      | 1143 ||| Stepping ~*~*~tactically~*~*~ (stealth).
  1271 | D:2      | Noticed Terence
  1289 | D:2      | HP: 4/23 [Terence/+1 flail of protection (4)]
  1291 | D:2      | Killed Terence
  1292 | D:2      | Reached XP level 4. HP: 6/28 MP: 4/4
  1536 | D:2      | 1536 ||| DROPPING +0 mace.
  1875 | D:2      | Found an ornate altar of the Wu Jian Council.
  2006 | D:2      | Found a faded altar of an unknown god.
  2007 | D:2      | 2007 ||| UPGRADING to +2 hat.
  2007 | D:2      | Noticed Robin
  2012 | D:2      | 2012 ||| Stepping ~*~*~tactically~*~*~ (hiding).
  2013 | D:2      | 2013 ||| Stepping ~*~*~tactically~*~*~ (hiding).
  2041 | D:2      | Killed Robin
  2042 | D:2      | Reached XP level 5. HP: 26/32 MP: 5/5
  2256 | D:2      | 2256 ||| DROPPING ring of flight.
  2257 | D:2      | 2257 ||| READING 2 scrolls labelled EGIVEU MOSY.
  2258 | D:2      | 2258 ||| DRINKING 2 clear potions.
  2259 | D:2      | 2259 ||| READING 3 scrolls of identify.
  2259 | D:2      | 2259 ||| IDENTIFYING fizzy brown potion
  2260 | D:2      | 2260 ||| DROPPING scroll of vulnerability.
  2261 | D:2      | 2261 ||| DROPPING potion of flight.
  2302 | D:3      | Reached skill level 4 in Axes
  2327 | D:3      | 2327 ||| Stepping ~*~*~tactically~*~*~ (stealth).
  2329 | D:3      | 2329 ||| Stepping ~*~*~tactically~*~*~ (hiding).
  2737 | D:3      | Found an ornate altar of the Wu Jian Council.
  2925 | D:3      | 2925 ||| READING scroll labelled ECLAIPT XAR GEAV.
  2955 | D:4      | Noticed Edmund
  2986 | D:4      | Killed Edmund
  2987 | D:4      | Reached skill level 5 in Axes
  2987 | D:4      | Reached XP level 6. HP: 15/37 MP: 6/6
  3183 | D:4      | Found a blossoming altar of Fedhas.
  3190 | D:4      | 3190 ||| Stepping ~*~*~tactically~*~*~ (stealth).
  3240 | D:4      | Noticed Pikel
  3272 | D:4      | HP: 8/37 [Pikel/+2 whip of electrocution (4)]
  3279 | D:4      | Killed Pikel
  3280 | D:4      | Reached skill level 6 in Fighting
  3280 | D:4      | Reached XP level 7. HP: 8/47 MP: 7/7
  3524 | D:4      | 3524 ||| Stepping ~*~*~tactically~*~*~ (stealth).
  3526 | D:4      | 3526 ||| Stepping ~*~*~tactically~*~*~ (stealth).
  3575 | D:4      | Reached skill level 3 in Armour
  3682 | D:4      | 3682 ||| Stepping ~*~*~tactically~*~*~ (stealth).
  3687 | D:4      | 3687 ||| Stepping ~*~*~tactically~*~*~ (stealth).
  3701 | D:4      | Reached XP level 8. HP: 52/52 MP: 8/8
  3844 | D:4      | 3844 ||| Stepping ~*~*~tactically~*~*~ (hiding).
  3918 | D:4      | 3918 ||| Stepping ~*~*~tactically~*~*~ (stealth).
  3961 | D:4      | 3961 ||| SWAPPING to +0 war axe.
  3962 | D:4      | 3962 ||| DROPPING +0 hand axe.
  4142 | D:4      | 4142 ||| READING 3 scrolls of identify.
  4142 | D:4      | 4142 ||| IDENTIFYING orange potion
  4143 | D:4      | 4143 ||| READING 2 scrolls of identify.
  4143 | D:4      | 4143 ||| IDENTIFYING fizzy cyan potion
  4144 | D:4      | 4144 ||| DROPPING potion of ambrosia.
  4145 | D:4      | 4145 ||| DROPPING potion of degeneration.
  4167 | D:5      | 4167 ||| Stepping ~*~*~tactically~*~*~ (stealth).
  4172 | D:5      | 4172 ||| Stepping ~*~*~tactically~*~*~ (hiding).
  4185 | D:5      | Reached skill level 6 in Axes
  4191 | D:5      | 4191 ||| DRINKING 2 potions of curing.
  4191 | D:5      | 4191 ||| (to cure confusion)
  4193 | D:5      | 4193 ||| DRINKING potion of curing.
  4193 | D:5      | 4193 ||| (to cure confusion)
  4204 | D:5      | 4204 ||| Stepping ~*~*~tactically~*~*~ (stealth).
  4262 | D:5      | 4262 ||| Stepping ~*~*~tactically~*~*~ (stealth).
  4298 | D:5      | 4298 ||| Stepping ~*~*~tactically~*~*~ (stealth).
  4300 | D:5      | 4300 ||| Stepping ~*~*~tactically~*~*~ (stealth).
  4373 | D:5      | 4373 ||| Stepping ~*~*~tactically~*~*~ (stealth).
  4459 | D:5      | Reached skill level 7 in Axes
  4750 | D:5      | Noticed Eustachio
  4815 | D:5      | 4815 ||| FLEEEEING.
  4817 | D:5      | 4817 ||| FLEEEEING.
  4818 | D:5      | 4818 ||| FLEEEEING.
  4819 | D:5      | 4819 ||| FLEEEEING.
  4820 | D:5      | 4820 ||| FLEEEEING.
  4821 | D:5      | 4821 ||| FLEEEEING.
  4823 | D:5      | 4823 ||| FLEEEEING.
  4824 | D:5      | 4824 ||| FLEEEEING.
  4825 | D:5      | 4825 ||| FLEEEEING.
  4826 | D:5      | 4826 ||| FLEEEEING.
  4827 | D:5      | 4827 ||| FLEEEEING.
  4828 | D:5      | 4828 ||| FLEEEEING.
  4831 | D:5      | Killed Eustachio
  5304 | D:5      | 5304 ||| UPGRADING to +0 pair of gloves.
  5309 | D:5      | 5309 ||| UPGRADING to ring of protection from cold.
  5310 | D:5      | 5310 ||| READING 3 scrolls labelled KUNEUPTE DEIPT.
  5311 | D:5      | 5311 ||| READING 2 scrolls of enchant weapon.
  5311 | D:5      | 5311 ||| ENCHANTING +1 war axe.
  5312 | D:5      | 5312 ||| READING scroll of enchant weapon.
  5312 | D:5      | 5312 ||| ENCHANTING +2 war axe.
  5313 | D:5      | 5313 ||| READING scroll labelled OCAC ZOMELA.
  5314 | D:5      | 5314 ||| READING 4 scrolls of identify.
  5314 | D:5      | 5314 ||| IDENTIFYING pink potion
  5315 | D:5      | 5315 ||| DROPPING potion of attraction.
  5323 | D:6      | 5323 ||| STAIRDANCE
  5401 | D:6      | Reached skill level 8 in Axes
  5401 | D:6      | Reached XP level 9. HP: 56/56 MP: 9/9
  5601 | D:6      | Found a staircase to the Ecumenical Temple.
  5602 | D:6      | 5602 ||| PLANNING TEMPLE
  5610 | Temple   | Entered the Ecumenical Temple
  5742 | Temple   | 5742 ||| PLANNING D:1-11
  5747 | Temple   | Became a worshipper of Warmaster Okawaru
  5873 | D:6      | 5873 ||| Stepping ~*~*~tactically~*~*~ (hiding).
  5875 | D:6      | 5875 ||| Stepping ~*~*~tactically~*~*~ (hiding).
  5876 | D:6      | 5876 ||| Stepping ~*~*~tactically~*~*~ (hiding).
  5894 | D:6      | Reached skill level 9 in Axes
  5912 | D:6      | 5912 ||| Stepping ~*~*~tactically~*~*~ (stealth).
  5913 | D:6      | 5913 ||| Stepping ~*~*~tactically~*~*~ (stealth).
  5914 | D:6      | 5914 ||| Stepping ~*~*~tactically~*~*~ (stealth).
  5916 | D:6      | 5916 ||| Stepping ~*~*~tactically~*~*~ (stealth).
  5920 | D:6      | 5920 ||| Stepping ~*~*~tactically~*~*~ (stealth).
  6290 | D:6      | 6290 ||| UPGRADING to +0 pair of boots.
  6300 | D:7      | Noticed a two-headed ogre
  6315 | D:7      | Killed a two-headed ogre
  6315 | D:7      | Reached * piety under Okawaru
  6316 | D:7      | 6316 ||| STAIRDANCE
  6592 | D:7      | 6592 ||| INVOKING Heroism.
  6614 | D:7      | 6614 ||| DROPPING +1 flail of protection.
  6643 | D:7      | 6643 ||| Stepping ~*~*~tactically~*~*~ (stealth).
  6658 | D:7      | Reached ** piety under Okawaru
  6659 | D:7      | Reached skill level 1 in Invocations
  6716 | D:7      | Found a shimmering altar of Xom.
  6753 | D:7      | Reached XP level 10. HP: 63/63 MP: 11/11
  6842 | D:7      | 6842 ||| Stepping ~*~*~tactically~*~*~ (stealth).
  6843 | D:7      | 6843 ||| Stepping ~*~*~tactically~*~*~ (stealth).
  6849 | D:7      | 6849 ||| INVOKING Heroism.
  6860 | D:7      | 6860 ||| Stepping ~*~*~tactically~*~*~ (stealth).
  6875 | D:7      | 6875 ||| INVOKING Heroism.
  6895 | D:7      | 6895 ||| Stepping ~*~*~tactically~*~*~ (stealth).
  6905 | D:7      | 6905 ||| Stepping ~*~*~tactically~*~*~ (stealth).
  6907 | D:7      | 6907 ||| Stepping ~*~*~tactically~*~*~ (hiding).
  6909 | D:7      | 6909 ||| INVOKING Heroism.
  6913 | D:7      | Reached skill level 3 in Invocations
  7080 | D:7      | 7080 ||| FLEEEEING.
  7081 | D:7      | 7081 ||| FLEEEEING.
  7082 | D:7      | 7082 ||| FLEEEEING.
  7083 | D:7      | 7083 ||| FLEEEEING.
  7084 | D:7      | 7084 ||| FLEEEEING.
  7091 | D:7      | 7091 ||| STAIRDANCE
  7136 | D:6      | 7136 ||| UPGRADING to +1 pair of gloves.
  7146 | D:6      | 7146 ||| DROPPING +0 pair of gloves.
  7219 | D:7      | Found a sacrificial altar of Ru.
  7402 | D:7      | 7402 ||| Stepping ~*~*~tactically~*~*~ (stealth).
  7516 | D:7      | Noticed Prince Ribbit
  7528 | D:7      | Killed Prince Ribbit
  7529 | D:7      | Reached skill level 10 in Axes
  7652 | D:7      | Found a white marble altar of Elyvilon.
  7834 | D:7      | 7834 ||| INVOKING Heroism.
  7836 | D:7      | 7836 ||| Stepping randomly (cloudy).
  7845 | D:7      | 7845 ||| Stepping ~*~*~tactically~*~*~ (cloud).
  7964 | D:7      | 7964 ||| UPGRADING to +0 cloak.
  7969 | D:7      | 7969 ||| READING scroll labelled PECLOR FUUNGER.
  8029 | D:8      | 8029 ||| Stepping ~*~*~tactically~*~*~ (hiding).
  8030 | D:8      | 8030 ||| Stepping ~*~*~tactically~*~*~ (hiding).
  8061 | D:8      | 8061 ||| Stepping ~*~*~tactically~*~*~ (stealth).
  8063 | D:8      | 8063 ||| Stepping ~*~*~tactically~*~*~ (hiding).
  8073 | D:8      | 8073 ||| Stepping ~*~*~tactically~*~*~ (hiding).
  8074 | D:8      | 8074 ||| Stepping ~*~*~tactically~*~*~ (hiding).
  8095 | D:8      | 8095 ||| Stepping ~*~*~tactically~*~*~ (hiding).
  8096 | D:8      | 8096 ||| Stepping ~*~*~tactically~*~*~ (hiding).
  8141 | D:8      | 8141 ||| Stepping ~*~*~tactically~*~*~ (hiding).
  8150 | D:8      | 8150 ||| INVOKING Heroism.
  8231 | D:8      | 8231 ||| Stepping ~*~*~tactically~*~*~ (hiding).
  8232 | D:8      | 8232 ||| Stepping ~*~*~tactically~*~*~ (hiding).
  8235 | D:8      | 8235 ||| INVOKING Heroism.
  8270 | D:8      | 8270 ||| Stepping ~*~*~tactically~*~*~ (stealth).
  8271 | D:8      | 8271 ||| INVOKING Heroism.
  8298 | D:8      | 8298 ||| FLEEEEING.
  8306 | D:8      | 8306 ||| STAIRDANCE
  8453 | D:7      | 8453 ||| READING scroll labelled ZYPIOM EZXA.
  8466 | D:8      | 8466 ||| Stepping ~*~*~tactically~*~*~ (stealth).
  8467 | D:8      | 8467 ||| Stepping ~*~*~tactically~*~*~ (hiding).
  8468 | D:8      | 8468 ||| Stepping ~*~*~tactically~*~*~ (hiding).
  8470 | D:8      | 8470 ||| Stepping ~*~*~tactically~*~*~ (hiding).
  8498 | D:8      | 8498 ||| Stepping ~*~*~tactically~*~*~ (stealth).
  8503 | D:8      | 8503 ||| Stepping ~*~*~tactically~*~*~ (stealth).
  8505 | D:8      | 8505 ||| Stepping ~*~*~tactically~*~*~ (stealth).
  8514 | D:8      | 8514 ||| Stepping ~*~*~tactically~*~*~ (stealth).
  8518 | D:8      | 8518 ||| INVOKING Heroism.
  8756 | D:8      | 8756 ||| Stepping ~*~*~tactically~*~*~ (stealth).
  8757 | D:8      | 8757 ||| Stepping ~*~*~tactically~*~*~ (stealth).
  8766 | D:8      | Reached skill level 1 in Throwing
  8917 | D:8      | 8917 ||| UPGRADING to ring of positive energy.
  8918 | D:8      | 8918 ||| READING 7 scrolls of identify.
  8918 | D:8      | 8918 ||| IDENTIFYING fuming ruby potion
  8939 | D:9      | 8939 ||| INVOKING Heroism.
  8944 | D:9      | 8944 ||| Stepping ~*~*~tactically~*~*~ (hiding).
  9048 | D:9      | Found Ylumoq's Lightly-Used Armoury.
  9056 | D:9      | 9056 ||| INVOKING Heroism.
  9080 | D:9      | 9080 ||| BUYING -1 demon whip (150 gold).
  9080 | D:9      | Bought a -1 demon whip for 150 gold pieces
  9080 | D:9      | 9080 ||| BUYING -2 eveningstar (75 gold).
  9080 | D:9      | Bought a -2 eveningstar for 75 gold pieces
  9080 | D:9      | 9080 ||| DROPPING +0 morningstar.
  9081 | D:9      | 9081 ||| DROPPING -1 demon whip.
  9185 | D:9      | Found a snail-covered altar of Cheibriados.
  9185 | D:9      | Found a broken altar of Ashenzari.
  9193 | D:9      | Found a faded altar of an unknown god.
  9195 | D:9      | Found a stormy altar of Qazlal.
  9197 | D:9      | Found a faded altar of an unknown god.
  9217 | D:9      | Found a glowing silver altar of Zin.
  9217 | D:9      | Noticed an angel
  9273 | D:9      | 9273 ||| READING scroll of enchant weapon.
  9273 | D:9      | 9273 ||| ENCHANTING +3 war axe.
  9381 | D:9      | 9381 ||| INVOKING Heroism.
  9508 | D:9      | 9508 ||| Stepping ~*~*~tactically~*~*~ (hiding).
  9512 | D:9      | 9512 ||| INVOKING Heroism.
  9612 | D:9      | Noticed a two-headed ogre
  9613 | D:9      | 9613 ||| INVOKING Heroism.
  9627 | D:9      | Killed a two-headed ogre
  9627 | D:9      | Reached *** piety under Okawaru
  9628 | D:9      | Reached skill level 11 in Axes
  9628 | D:9      | Reached XP level 11. HP: 59/68 MP: 12/14
  9813 | D:9      | 9813 ||| UPGRADING to +0 kite shield.
  9818 | D:9      | 9818 ||| DROPPING ring of magical power.
  9819 | D:9      | 9819 ||| READING scroll labelled TOEBUPLURPH.
  9820 | D:9      | 9820 ||| READING 9 scrolls of identify.
  9820 | D:9      | 9820 ||| IDENTIFYING murky amethyst potion
  9821 | D:9      | 9821 ||| DROPPING potion of brilliance.
  9862 | D:10     | Entered Level 10 of the Dungeon
  9933 | D:10     | Found a burning altar of Makhleb.
  9950 | D:10     | 9950 ||| INVOKING Heroism.
  9997 | D:10     | Noticed a two-headed ogre
  9998 | D:10     | 9998 ||| INVOKING Heroism.
 10006 | D:10     | Killed a two-headed ogre
 10007 | D:10     | Reached skill level 3 in Shields
 10046 | D:10     | 10046 ||| INVOKING Heroism.
 10166 | D:10     | 10166 ||| INVOKING Heroism.
 10193 | D:10     | 10193 ||| INVOKING Heroism.
 10297 | D:10     | Found a staircase to the Orcish Mines.
 10304 | D:10     | 10304 ||| Stepping ~*~*~tactically~*~*~ (stealth).
 10305 | D:10     | 10305 ||| Stepping ~*~*~tactically~*~*~ (stealth).
 10467 | D:10     | 10467 ||| INVOKING Heroism.
 10557 | D:10     | 10557 ||| READING scroll of enchant weapon.
 10557 | D:10     | 10557 ||| ENCHANTING +4 war axe.
 10668 | D:10     | 10668 ||| READING scroll of enchant weapon.
 10668 | D:10     | 10668 ||| ENCHANTING +5 war axe.
 10695 | D:10     | 10695 ||| INVOKING Heroism.
 10913 | D:10     | 10913 ||| READING scroll labelled RECEUCHYNE.
 10914 | D:10     | 10914 ||| READING 8 scrolls of identify.
 10914 | D:10     | 10914 ||| IDENTIFYING smoky inky potion
 10915 | D:10     | 10915 ||| DROPPING potion of berserk rage.
 10933 | D:11     | Noticed a cyclops
 10933 | D:11     | Noticed a boulder beetle
 10934 | D:11     | 10934 ||| INVOKING Heroism.
 10942 | D:11     | Reached skill level 6 in Shields
 10946 | D:11     | Killed a cyclops
 10958 | D:11     | 10958 ||| FLEEEEING.
 10959 | D:11     | 10959 ||| STAIRDANCE
 11134 | D:11     | 11134 ||| INVOKING Heroism.
 11144 | D:11     | 11144 ||| STAIRDANCE
 11160 | D:10     | Killed a boulder beetle
 11332 | D:11     | 11332 ||| Stepping ~*~*~tactically~*~*~ (stealth).
 11345 | D:11     | 11345 ||| INVOKING Heroism.
 11364 | D:11     | 11364 ||| INVOKING Heroism.
 11374 | D:11     | Reached **** piety under Okawaru
 11381 | D:11     | 11381 ||| INVOKING Heroism.
 11550 | D:11     | 11550 ||| INVOKING Heroism.
 11579 | D:11     | 11579 ||| INVOKING Heroism.
 11722 | D:11     | Noticed qw's ghost (journeyman MiBe)
 11755 | D:11     | Found a staircase to the Lair.
 11800 | D:11     | Found a runed translucent door.
 11935 | D:11     | 11935 ||| PLANNING LAIR
 11935 | D:11     | 11935 ||| READING 7 scrolls of identify.
 11935 | D:11     | 11935 ||| IDENTIFYING viscous sapphire potion
 11956 | Lair:1   | Entered Level 1 of the Lair of Beasts
 11957 | Lair:1   | 11957 ||| INVOKING Heroism.
 11966 | Lair:1   | Reached skill level 9 in Shields
 11977 | Lair:1   | 11977 ||| INVOKING Heroism.
 12113 | Lair:1   | Reached skill level 6 in Invocations
 12255 | Lair:1   | 12255 ||| INVOKING Heroism.
 12262 | Lair:1   | Reached XP level 12. HP: 55/73 MP: 13/16
 12527 | Lair:1   | 12527 ||| INVOKING Heroism.
 12615 | Lair:1   | 12615 ||| READING scroll of enchant weapon.
 12615 | Lair:1   | 12615 ||| ENCHANTING +6 war axe.
 12718 | Lair:1   | 12718 ||| Stepping ~*~*~tactically~*~*~ (stealth).
 12721 | Lair:1   | 12721 ||| Stepping ~*~*~tactically~*~*~ (stealth).
 12725 | Lair:1   | 12725 ||| INVOKING Heroism.
 12734 | Lair:1   | Received a gift from Okawaru
 12734 | Lair:1   | HP: 9/73 [rime drake/flash freeze (23)]
 12735 | Lair:1   | 12735 ||| READING 4 scrolls of teleportation.
 12736 | Lair:1   | 12736 ||| DRINKING potion of heal wounds.
 13264 | Lair:1   | 13264 ||| UPGRADING to amulet of reflection.
 13269 | Lair:1   | 13269 ||| READING scroll labelled BOUXA NUNO.
 13301 | Lair:2   | Noticed a five-headed hydra
 13302 | Lair:2   | 13302 ||| INVOKING Heroism.
 13303 | Lair:2   | 13303 ||| SWAPPING to -2 eveningstar.
 13305 | Lair:2   | 13305 ||| STAIRDANCE
 13307 | Lair:1   | 13307 ||| SWAPPING to +7 war axe of freezing.
 13318 | Lair:2   | 13318 ||| SWAPPING to -2 eveningstar.
 13326 | Lair:2   | Killed a five-headed hydra
 13327 | Lair:2   | 13327 ||| INVOKING Heroism.
 13328 | Lair:2   | 13328 ||| SWAPPING to +7 war axe of freezing.
 13337 | Lair:2   | 13337 ||| STAIRDANCE
 13671 | Lair:2   | Reached ***** piety under Okawaru
 13730 | Lair:2   | 13730 ||| Stepping ~*~*~tactically~*~*~ (stealth).
 13739 | Lair:2   | 13739 ||| INVOKING Heroism.
 13763 | Lair:2   | Found a hole to the Spider Nest.
 13791 | Lair:2   | Found a staircase to the Swamp.
 13792 | Lair:2   | 13792 ||| Stepping ~*~*~tactically~*~*~ (hiding).
 13796 | Lair:2   | 13796 ||| INVOKING Heroism.
 13806 | Lair:2   | 13806 ||| Stepping ~*~*~tactically~*~*~ (stealth).
 13807 | Lair:2   | 13807 ||| Stepping ~*~*~tactically~*~*~ (stealth).
 14203 | Lair:2   | 14203 ||| Stepping ~*~*~tactically~*~*~ (stealth).
 14205 | Lair:2   | 14205 ||| INVOKING Heroism.
 14248 | Lair:2   | 14248 ||| Stepping ~*~*~tactically~*~*~ (stealth).
 14250 | Lair:2   | 14250 ||| INVOKING Heroism.
 14252 | Lair:2   | 14252 ||| Stepping ~*~*~tactically~*~*~ (stealth).
 14261 | Lair:2   | Reached skill level 9 in Fighting
 14264 | Lair:2   | Received a gift from Okawaru
 14265 | Lair:2   | Reached skill level 9 in Invocations
 14334 | Lair:2   | 14334 ||| INVOKING Heroism.
 14360 | Lair:2   | Noticed an eight-headed hydra
 14361 | Lair:2   | 14361 ||| INVOKING Finesse.
 14362 | Lair:2   | 14362 ||| SWAPPING to -2 eveningstar.
 14362 | Lair:2   | Noticed a four-headed hydra
 14371 | Lair:2   | 14371 ||| INVOKING Heroism.
 14372 | Lair:2   | 14372 ||| Stepping ~*~*~tactically~*~*~ (outnumbered).
 14377 | Lair:2   | Killed an eight-headed hydra
 14383 | Lair:2   | Killed a four-headed hydra
 14384 | Lair:2   | 14384 ||| SWAPPING to +7 war axe of freezing.
 14628 | Lair:2   | Received a gift from Okawaru
 14839 | Lair:2   | Noticed a six-headed hydra
 14840 | Lair:2   | 14840 ||| INVOKING Heroism.
 14841 | Lair:2   | 14841 ||| SWAPPING to -2 eveningstar.
 14842 | Lair:2   | 14842 ||| INVOKING Finesse.
 14847 | Lair:2   | Killed a six-headed hydra
 14848 | Lair:2   | Reached skill level 12 in Axes
 14848 | Lair:2   | 14848 ||| SWAPPING to +7 war axe of freezing.
 14965 | Lair:3   | 14965 ||| Stepping ~*~*~tactically~*~*~ (stealth).
 14967 | Lair:3   | 14967 ||| Stepping ~*~*~tactically~*~*~ (hiding).
 14968 | Lair:3   | 14968 ||| INVOKING Heroism.
 15043 | Lair:3   | 15043 ||| INVOKING Heroism.
 15082 | Lair:3   | Reached XP level 13. HP: 80/80 MP: 20/20
 15089 | Lair:3   | 15089 ||| Stepping ~*~*~tactically~*~*~ (stealth).
 15095 | Lair:3   | 15095 ||| INVOKING Heroism.
 15103 | Lair:3   | Reached skill level 9 in Armour
 15202 | Lair:3   | 15202 ||| Stepping ~*~*~tactically~*~*~ (stealth).
 15294 | Lair:3   | Noticed Sonja
 15295 | Lair:3   | 15295 ||| INVOKING Finesse.
 15305 | Lair:3   | 15305 ||| INVOKING Heroism.
 15324 | Lair:3   | Killed Sonja
 15558 | Lair:3   | Noticed Nessos
 15559 | Lair:3   | 15559 ||| INVOKING Finesse.
 15560 | Lair:3   | 15560 ||| Stepping ~*~*~tactically~*~*~ (hiding).
 15564 | Lair:3   | 15564 ||| Stepping ~*~*~tactically~*~*~ (hiding).
 15570 | Lair:3   | Killed Nessos
 15570 | Lair:3   | Received a gift from Okawaru
 15748 | Lair:3   | 15748 ||| READING 8 scrolls of identify.
 15748 | Lair:3   | 15748 ||| IDENTIFYING viscous yellow potion
 15825 | Lair:4   | Found a viscous altar of Jiyva.
 15825 | Lair:4   | Found a staircase to the Slime Pits.
 15853 | Lair:4   | 15853 ||| INVOKING Heroism.
 15870 | Lair:4   | 15870 ||| INVOKING Finesse.
 15874 | Lair:4   | 15874 ||| SWAPPING to -2 eveningstar.
 15882 | Lair:4   | 15882 ||| SWAPPING to +7 war axe of freezing.
 15900 | Lair:4   | 15900 ||| FLEEEEING.
 15901 | Lair:4   | 15901 ||| FLEEEEING.
 15902 | Lair:4   | 15902 ||| FLEEEEING.
 15903 | Lair:4   | 15903 ||| FLEEEEING.
 15904 | Lair:4   | 15904 ||| FLEEEEING.
 15905 | Lair:4   | 15905 ||| FLEEEEING.
 15906 | Lair:4   | 15906 ||| FLEEEEING.
 15907 | Lair:4   | 15907 ||| FLEEEEING.
 15908 | Lair:4   | 15908 ||| FLEEEEING.
 15911 | Lair:4   | 15911 ||| INVOKING Heroism.
 16557 | Lair:5   | Entered Level 5 of the Lair of Beasts
 16558 | Lair:5   | 16558 ||| INVOKING Heroism.
 16566 | Lair:5   | Reached skill level 13 in Axes
 16570 | Lair:5   | 16570 ||| INVOKING Finesse.
 16576 | Lair:5   | Received a gift from Okawaru
 16605 | Lair:5   | 16605 ||| INVOKING Finesse.
 16614 | Lair:5   | 16614 ||| INVOKING Heroism.
 16643 | Lair:5   | 16643 ||| INVOKING Finesse.
 16673 | Lair:5   | 16673 ||| INVOKING Heroism.
 16684 | Lair:5   | 16684 ||| INVOKING Finesse.
 16728 | Lair:5   | 16728 ||| INVOKING Heroism.
 16729 | Lair:5   | 16729 ||| INVOKING Finesse.
 16769 | Lair:5   | 16769 ||| INVOKING Heroism.
 16783 | Lair:5   | 16783 ||| INVOKING Finesse.
 16837 | Lair:5   | 16837 ||| INVOKING Heroism.
 16877 | Lair:5   | 16877 ||| INVOKING Heroism.
 16901 | Lair:5   | 16901 ||| INVOKING Heroism.
 16934 | Lair:5   | 16934 ||| INVOKING Heroism.
 17011 | Lair:5   | 17011 ||| INVOKING Heroism.
 17023 | Lair:5   | Found a runed translucent gate.
 17062 | Lair:5   | Reached skill level 3 in Throwing
 17108 | Lair:5   | 17108 ||| Stepping ~*~*~tactically~*~*~ (stealth).
 17210 | Lair:5   | 17210 ||| INVOKING Heroism.
 17236 | Lair:5   | Received a gift from Okawaru
 17243 | Lair:5   | Received a gift from Okawaru
 17244 | Lair:5   | 17244 ||| FLEEEEING.
 17504 | Lair:5   | Noticed a dire elephant
 17505 | Lair:5   | 17505 ||| Stepping ~*~*~tactically~*~*~ (stealth).
 17512 | Lair:5   | 17512 ||| INVOKING Heroism.
 17513 | Lair:5   | 17513 ||| Stepping ~*~*~tactically~*~*~ (stealth).
 17523 | Lair:5   | Killed a dire elephant
 17528 | Lair:5   | 17528 ||| INVOKING Heroism.
 17558 | Lair:5   | Identified the +4 plate armour of the Dropbear {Str+2
                  | Dex+2}
 17584 | Lair:5   | 17584 ||| INVOKING Heroism.
 17598 | Lair:5   | 17598 ||| Stepping ~*~*~tactically~*~*~ (stealth).
 17599 | Lair:5   | 17599 ||| Stepping ~*~*~tactically~*~*~ (stealth).
 17611 | Lair:5   | Gained mutation: Your large and strong wings let you fly.
                  | [Gargoyle growth]
 17611 | Lair:5   | Reached XP level 14. HP: 88/88 MP: 21/21
 17713 | Lair:5   | Reached skill level 14 in Axes
 17713 | Lair:5   | 17713 ||| FLEEEEING.
 17714 | Lair:5   | 17714 ||| FLEEEEING.
 17715 | Lair:5   | 17715 ||| FLEEEEING.
 17716 | Lair:5   | 17716 ||| FLEEEEING.
 17717 | Lair:5   | 17717 ||| FLEEEEING.
 17718 | Lair:5   | 17718 ||| FLEEEEING.
 17720 | Lair:5   | 17720 ||| FLEEEEING.
 17721 | Lair:5   | 17721 ||| FLEEEEING.
 17722 | Lair:5   | 17722 ||| FLEEEEING.
 17723 | Lair:5   | 17723 ||| FLEEEEING.
 17724 | Lair:5   | 17724 ||| FLEEEEING.
 17725 | Lair:5   | 17725 ||| INVOKING Heroism.
 17731 | Lair:5   | 17731 ||| SWAPPING to -2 eveningstar.
 17732 | Lair:5   | 17732 ||| Stepping ~*~*~tactically~*~*~ (outnumbered).
 17733 | Lair:5   | 17733 ||| Stepping ~*~*~tactically~*~*~ (outnumbered).
 17734 | Lair:5   | 17734 ||| Stepping ~*~*~tactically~*~*~ (outnumbered).
 17735 | Lair:5   | 17735 ||| Stepping ~*~*~tactically~*~*~ (outnumbered).
 17736 | Lair:5   | 17736 ||| Stepping ~*~*~tactically~*~*~ (outnumbered).
 17737 | Lair:5   | 17737 ||| Stepping ~*~*~tactically~*~*~ (outnumbered).
 17738 | Lair:5   | 17738 ||| Stepping ~*~*~tactically~*~*~ (outnumbered).
 17739 | Lair:5   | 17739 ||| Stepping ~*~*~tactically~*~*~ (outnumbered).
 17740 | Lair:5   | 17740 ||| Stepping ~*~*~tactically~*~*~ (outnumbered).
 17741 | Lair:5   | 17741 ||| Stepping ~*~*~tactically~*~*~ (outnumbered).
 17742 | Lair:5   | 17742 ||| Stepping ~*~*~tactically~*~*~ (outnumbered).
 17745 | Lair:5   | 17745 ||| Stepping ~*~*~tactically~*~*~ (outnumbered).
 17746 | Lair:5   | 17746 ||| Stepping ~*~*~tactically~*~*~ (outnumbered).
 17747 | Lair:5   | 17747 ||| Stepping ~*~*~tactically~*~*~ (outnumbered).
 17748 | Lair:5   | 17748 ||| Stepping ~*~*~tactically~*~*~ (outnumbered).
 17749 | Lair:5   | 17749 ||| SWAPPING to +7 war axe of freezing.
 17750 | Lair:5   | 17750 ||| SWAPPING to -2 eveningstar.
 17751 | Lair:5   | 17751 ||| Stepping ~*~*~tactically~*~*~ (outnumbered).
 17752 | Lair:5   | 17752 ||| Stepping ~*~*~tactically~*~*~ (outnumbered).
 17753 | Lair:5   | 17753 ||| Stepping ~*~*~tactically~*~*~ (outnumbered).
 17754 | Lair:5   | 17754 ||| Stepping ~*~*~tactically~*~*~ (outnumbered).
 17755 | Lair:5   | 17755 ||| Stepping ~*~*~tactically~*~*~ (outnumbered).
 17756 | Lair:5   | 17756 ||| Stepping ~*~*~tactically~*~*~ (outnumbered).
 17757 | Lair:5   | 17757 ||| Stepping ~*~*~tactically~*~*~ (outnumbered).
 17758 | Lair:5   | 17758 ||| SWAPPING to +7 war axe of freezing.
 17760 | Lair:5   | 17760 ||| SWAPPING to -2 eveningstar.
 17761 | Lair:5   | 17761 ||| Stepping ~*~*~tactically~*~*~ (outnumbered).
 17762 | Lair:5   | 17762 ||| Stepping ~*~*~tactically~*~*~ (outnumbered).
 17763 | Lair:5   | 17763 ||| Stepping ~*~*~tactically~*~*~ (outnumbered).
 17764 | Lair:5   | 17764 ||| Stepping ~*~*~tactically~*~*~ (outnumbered).
 17765 | Lair:5   | 17765 ||| Stepping ~*~*~tactically~*~*~ (outnumbered).
 17766 | Lair:5   | 17766 ||| Stepping ~*~*~tactically~*~*~ (outnumbered).
 17767 | Lair:5   | 17767 ||| Stepping ~*~*~tactically~*~*~ (outnumbered).
 17768 | Lair:5   | 17768 ||| Stepping ~*~*~tactically~*~*~ (outnumbered).
 17769 | Lair:5   | 17769 ||| Stepping ~*~*~tactically~*~*~ (outnumbered).
 17770 | Lair:5   | 17770 ||| INVOKING Heroism.
 17771 | Lair:5   | 17771 ||| SWAPPING to +7 war axe of freezing.
 17773 | Lair:5   | 17773 ||| SWAPPING to -2 eveningstar.
 17774 | Lair:5   | 17774 ||| Stepping ~*~*~tactically~*~*~ (outnumbered).
 17775 | Lair:5   | 17775 ||| Stepping ~*~*~tactically~*~*~ (outnumbered).
 17776 | Lair:5   | 17776 ||| SWAPPING to +7 war axe of freezing.
 17779 | Lair:5   | 17779 ||| SWAPPING to -2 eveningstar.
 17788 | Lair:5   | HP: 20/88 [komodo dragon (21)]
 17789 | Lair:5   | 17789 ||| READING 4 scrolls of teleportation.
 17790 | Lair:5   | 17790 ||| DRINKING 2 potions of heal wounds.
 17795 | Lair:5   | 17795 ||| SWAPPING to +7 war axe of freezing.
 17993 | Lair:5   | 17993 ||| INVOKING Heroism.
 17999 | Lair:5   | 17999 ||| Stepping ~*~*~tactically~*~*~ (cloud).
 18011 | Lair:5   | 18011 ||| Stepping ~*~*~tactically~*~*~ (cloud).
 18013 | Lair:5   | 18013 ||| Stepping ~*~*~tactically~*~*~ (cloud).
 18021 | Lair:5   | Identified the +3 bardiche "Dodeeti" {elec, *Noise Str+3}
 18153 | Lair:5   | Identified the ring "Doyfypsin" {Fly MP+9 Str-2 Dex+4}
 18256 | Lair:5   | 18256 ||| INVOKING Heroism.
 18427 | Lair:5   | Found a runed translucent gate.
 18427 | Lair:5   | Found a runed translucent gate.
 18428 | Lair:5   | Noticed qw's ghost (journeyman TrCA)
 18609 | Lair:5   | 18609 ||| INVOKING Heroism.
 18611 | Lair:5   | 18611 ||| SWAPPING to -2 eveningstar.
 18615 | Lair:5   | 18615 ||| SWAPPING to +7 war axe of freezing.
 18632 | Lair:5   | Noticed qw's ghost (journeyman MiBe)
 18632 | Lair:5   | Noticed qw's ghost (journeyman TrCA)
 18634 | Lair:5   | Noticed qw's ghost (journeyman TrCA)
 18638 | Lair:5   | 18638 ||| PLANNING D
 18638 | Lair:5   | 18638 ||| DROPPING +4 plate armour of the Dropbear {Str+2
                  | Dex+2}.
 18639 | Lair:5   | 18639 ||| UPGRADING to ring of see invisible.
 18641 | Lair:5   | 18641 ||| UPGRADING to ring of protection from cold.
 18643 | Lair:5   | 18643 ||| READING scroll labelled FONOASKIESK.
 18744 | Lair:5   | 18744 ||| READING scroll labelled HEECOU NETUPE.
 18745 | Lair:5   | 18745 ||| READING 10 scrolls of identify.
 18745 | Lair:5   | 18745 ||| IDENTIFYING fuming blue potion
 18746 | Lair:5   | 18746 ||| DROPPING potion of lignification.
 18942 | D:12     | 18942 ||| INVOKING Heroism.
 18945 | D:12     | 18945 ||| SWAPPING to -2 eveningstar.
 18951 | D:12     | 18951 ||| SWAPPING to +7 war axe of freezing.
 19020 | D:12     | 19020 ||| INVOKING Heroism.
 19025 | D:12     | Reached skill level 3 in Dodging
 19113 | D:12     | 19113 ||| INVOKING Heroism.
 19504 | D:12     | 19504 ||| INVOKING Heroism.
 19506 | D:12     | 19506 ||| INVOKING Finesse.
 19730 | D:12     | 19730 ||| READING scroll labelled TAWKAF ZOEPAE.
 19948 | D:13     | Found a broken altar of Ashenzari.
 19995 | D:13     | 19995 ||| Stepping ~*~*~tactically~*~*~ (hiding).
 19996 | D:13     | 19996 ||| Stepping ~*~*~tactically~*~*~ (hiding).
 20041 | D:13     | 20041 ||| INVOKING Heroism.
 20438 | D:13     | 20438 ||| DROPPING amulet of faith.
 20439 | D:13     | 20439 ||| READING 10 scrolls of identify.
 20439 | D:13     | 20439 ||| IDENTIFYING silvery potion
 20489 | D:14     | 20489 ||| READING scroll of enchant weapon.
 20489 | D:14     | 20489 ||| ENCHANTING +7 war axe of freezing.
 20520 | D:14     | Noticed Louise
 20521 | D:14     | 20521 ||| INVOKING Heroism.
 20522 | D:14     | 20522 ||| INVOKING Finesse.
 20546 | D:14     | Killed Louise
 20664 | D:14     | 20664 ||| INVOKING Heroism.
 20665 | Abyss:2  | Cast into level 2 of the Abyss (a wizard)
 20671 | Abyss:2  | Noticed a starcursed mass
 20715 | Abyss:2  | Noticed a lich
 20716 | Abyss:2  | 20716 ||| Stepping ~*~*~tactically~*~*~ (stealth).
 20721 | Abyss:2  | 20721 ||| Stepping ~*~*~tactically~*~*~ (stealth).
 20722 | Abyss:2  | 20722 ||| Stepping ~*~*~tactically~*~*~ (stealth).
 20724 | Abyss:2  | 20724 ||| INVOKING Heroism.
 20725 | Abyss:2  | 20725 ||| INVOKING Finesse.
 20731 | Abyss:2  | HP: 14/90 [lich/bolt of cold (46)]
 20732 | Abyss:2  | 20732 ||| READING 4 scrolls of teleportation.
 20733 | Abyss:2  | 20733 ||| DRINKING potion of heal wounds.
 20739 | Abyss:2  | Killed a lich
 20739 | Abyss:2  | Received a gift from Okawaru
 20740 | Abyss:2  | Reached skill level 12 in Shields
 20905 | Abyss:2  | 20905 ||| Stepping ~*~*~tactically~*~*~ (stealth).
 20952 | Abyss:2  | 20952 ||| INVOKING Heroism.
 20972 | Abyss:2  | 20972 ||| Stepping ~*~*~tactically~*~*~ (stealth).
 20986 | Abyss:2  | Noticed a cyan very ugly thing
 20987 | Abyss:2  | Noticed a cyan very ugly thing
 20987 | Abyss:2  | 20987 ||| Stepping ~*~*~tactically~*~*~ (stealth).
 20988 | Abyss:2  | Noticed a cyan very ugly thing
 20988 | Abyss:2  | Noticed a cyan very ugly thing
 20989 | Abyss:2  | Noticed a bone dragon
 20990 | Abyss:2  | Noticed a starcursed mass
 20991 | Abyss:2  | 20991 ||| Stepping ~*~*~tactically~*~*~ (stealth).
 20993 | Abyss:2  | 20993 ||| Stepping ~*~*~tactically~*~*~ (hiding).
 20996 | Abyss:2  | 20996 ||| INVOKING Heroism.
 21000 | Abyss:2  | Noticed a tentacled starspawn
 21004 | Abyss:2  | Killed a cyan very ugly thing
 21015 | Abyss:2  | Killed a brown very ugly thing
 21015 | Abyss:2  | Killed a cyan very ugly thing
 21018 | Abyss:2  | Killed a purple very ugly thing
 21019 | Abyss:2  | Mangled by a white ugly thing

Levels and vault maps discovered:
D:1:      lightli_arrival_noodles, layout_basic
D:2:      layout_loops_ring, hellmonk_ecumenical_altar_inner_sanctum,
          basic_altar, uniq_robin, uniq_terence
D:3:      layout_loops_ring, mainiacjoe_overflow_surrounded_room
D:4:      layout_loops_ring, fedhas_altar_1, uniq_pikel, uniq_edmund
D:5:      layout_loops_ring, uniq_eustachio
D:6:      layout_cave_pools, minmay_temple_entry_gardened_gates
D:7:      layout_basic, mainiacjoe_overflow_brackets, lemuel_crystal_altar,
          nicolae_ru_the_path_less_chosen, patterned_corridor,
          uniq_prince_ribbit1
D:8:      layout_rooms, minivault_11, minmay_misc_feat_roman
D:9:      layout_irregular_city, zin_angel, chequers_temple_overflow_minitemple,
          minmay_shop_damaged, st_stairs_10
D:10:     layout_basic, kennysheep_mini_moat, erik_orc_4
D:11:     layout_rooms, minmay_lair_entry_grove, hellmonk_ghost_happy_afterlife,
          serial_glass, glass_columns_b, glass_columns_a, due_unseen_surprise,
          item_on_display_a, feat_on_display, feat_on_display
D:12:     layout_irregular_city
D:13:     layout_basic, cheibrodos_ashenzari_chains
D:14:     layout_loops_ring, skrybe_vaults_entry_preservation,
          serial_park_fountain, serial_shops, nicolae_shop_bloodbath_and_beyond,
          st_stairs_14, uniq_louise
Temple:   nicolae_temple_bog_church
Lair:1:   layout_cave_pods, infiniplex_staircase_pool_2
Lair:2:   layout_cave_pods, skrybe_swamp_entry_bodies,
          nicolae_spider_entry_non_spiders, small_statue_intersection,
          minmay_shattered_shrine, lemuel_fruit_tree
Lair:3:   layout_loops_ring, grunt_megastairs_1, uniq_sonja, uniq_nessos
Lair:4:   layout_misc_corridors, slime_entry_1
Lair:5:   grunt_lair_end_beastmaster, layout_long_grid,
          gammafunk_ghost_cemetery, ice2_lemuel
Abyss:2:  base: D:7, spicy_abyss_pitcher_plant

Skill      XL: |  1  2  3  4  5  6  7  8  9 10 11 12 13 14 |
---------------+-------------------------------------------+-----
Axes           | 3 5 8 9 11 12 13 14 | 14.6
Armour         | 2 3 4 7 8 9 10 | 10.0
Fighting       | 6 7 8 9 10 11 | 11.0
Invocations    | 2 4 6 10 | 10.0
Dodging        | 2 3 |  3.0
Throwing       | 2 4 |  4.1
Shields        | 9 10 11 12 | 12.2
Stealth        | |  5.4

Action                   |  1- 3 |  4- 6 |  7- 9 | 10-12 | 13-15 || total
-------------------------+-------+-------+-------+-------+-------++-------
Melee: Hand axe          |    82 |   211 |    61 |       |       ||   354
       Punch             |       |     2 |     3 |     5 |       ||    10
       War axe           |       |       |   306 |   627 |   647 ||  1580
       Eveningstar       |       |       |       |    31 |    23 ||    54
Throw: Boomerang         |       |       |       |    48 |    37 ||    85
       Javelin           |       |       |       |       |    27 ||    27
Invok: Heroism           |       |       |     1 |    43 |    33 ||    77
       Finesse           |       |       |       |     2 |    12 ||    14
  Use: Scroll            |     3 |     3 |     7 |    14 |     9 ||    36
       Potion            |       |     1 |     2 |     1 |     2 ||     6
 Stab: Sleeping          |     1 |       |       |       |       ||     1
       Petrified         |       |       |       |       |     3 ||     3
       Petrifying        |       |       |       |       |     1 ||     1
Armor: Leather armour    |     1 |       |       |       |       ||     1
       Plate armour      |    25 |       |       |       |       ||    25
       Storm dragon scal |    14 |   149 |   259 |   431 |   273 ||  1126
Dodge: Dodged            |    29 |    81 |   158 |   195 |   133 ||   596
Block: Kite shield       |       |       |       |   281 |   441 ||   722
       Reflection        |       |       |       |     1 |    13 ||    14

Table legend:
 A = Non-vault XP
 B = Vault XP
 C = Vault XP percentage of total XP
 D = Non-vault monster count
 E = Vault monster count
 F = Vault count percentage of total count
                 A         B        C        D         E       F
            +---------+---------+-------+---------+---------+-------
      Total |   55469 |   23102 |  29.4 |     346 |      98 |  22.1
            +---------+---------+-------+---------+---------+-------
        D:1 |      24 |       0 |   0.0 |      12 |       0 |   0.0
        D:2 |      35 |      72 |  67.3 |      14 |      13 |  48.1
        D:3 |     130 |       0 |   0.0 |      18 |       0 |   0.0
        D:4 |     195 |     807 |  80.5 |      15 |       2 |  11.8
        D:5 |     648 |     202 |  23.8 |      31 |       1 |   3.1
        D:6 |    1317 |       0 |   0.0 |      21 |       0 |   0.0
        D:7 |    1940 |     268 |  12.1 |      31 |       1 |   3.1
        D:8 |    1255 |       0 |   0.0 |      25 |       0 |   0.0
        D:9 |    2421 |     163 |   6.3 |      21 |       3 |  12.5
       D:10 |    3180 |     520 |  14.1 |      17 |      16 |  48.5
       D:11 |    1769 |    2250 |  56.0 |      11 |      13 |  54.2
       D:12 |    6072 |       0 |   0.0 |      14 |       0 |   0.0
       D:13 |    2816 |       0 |   0.0 |       6 |       0 |   0.0
       D:14 |     702 |    1208 |  63.2 |       4 |       1 |  20.0
     Lair:1 |    2785 |       0 |   0.0 |      16 |       0 |   0.0
     Lair:2 |    6399 |    4766 |  42.7 |      31 |      15 |  32.6
     Lair:3 |    3690 |    1865 |  33.6 |      15 |       4 |  21.1
     Lair:4 |    7614 |       0 |   0.0 |      21 |       0 |   0.0
     Lair:5 |    3215 |   10981 |  77.4 |      10 |      29 |  74.4
    Abyss:2 |    9262 |       0 |   0.0 |      13 |       0 |   0.0
            +---------+---------+-------+---------+---------+-------
